 Dungeon Sprint DCSS version 0.30-a0-591-g3c58d2bc28 (webtiles) character file.

Game seed: 44522924861552372

118 NinjaNoafa the Scholar of Death (level 4, -4/48 (57) HPs)
             Began as a Demonspawn Necromancer on Jan 5, 2023.
             Was a Follower of Kikubaaqudgha.
             Slain by a wight
             ... wielding a +2 great sword
              (5 damage)
             ... in the Dungeon (Sprint VII: "The Pits").
             The game lasted 00:01:32 (309 turns).

NinjaNoafa the Scholar of Death (DsNe)               Turns: 309, Time: 00:01:32

HP:   -4/48 (57)    AC:  8    Str:  8    XL:     4   Next: 72%
MP:   6/10          EV: 13    Int: 19    God:    Kikubaaqudgha [*.....]
Gold: 0             SH:  0    Dex: 13    Spells: 3/12 levels left

rFire   . . .      SeeInvis .    h - +2 falchion
rCold   . . .      Faith    .    (no shield)
rNeg    . . .      Spirit   .    a - +0 robe
rPois   .          Reflect  .    (helmet restricted)
rElec   .          Harm     .    (no cloak)
rCorr   .          Rampage  .    (no gloves)
Will    .....      NoTele   +    (no boots) Stlth
                                 (no amulet)
HPRegen 0.28/turn                (no ring)
MPRegen 0.12/turn                (no ring)

@: berserking, sanguine armoured, animating dead, heavily drained, very quick
A: antennae 1, foul stench 1, sanguine armour 1
a: Renounce Religion, Unearth Wretches


You were in the Dungeon.
You worshipped Kikubaaqudgha.
Kikubaaqudgha was aware of your devotion.
You visited 1 branch

Inventory:

Hand Weapons
 h - a +2 falchion (weapon)
Armour
 a - a +0 robe (worn)
Scrolls
 j - 5 scrolls of amnesia
 k - a scroll of butterflies
 l - 2 scrolls of vulnerability
Potions
 b - 5 potions of magic
 c - a potion of curing
 e - a potion of haste
 f - 2 potions of berserk rage
 i - 2 potions of invisibility


   Skills:
 + Level 4.5 Fighting
 + Level 4.5 Dodging
 - Level 1.7 Stealth
 + Level 4.6 Spellcasting
 + Level 6.7 Necromancy


You had 3 spell levels left.
You knew the following spells:

 Your Spells              Type           Power      Damage    Failure   Level
a - Necrotise             Necr           100%       1d9       1%          1
b - Vampiric Draining     Necr           30%        2d8       2%          3
c - Kiss of Death         Conj/Necr      68%        2d10      3%          1
d - Animate Dead          Necr           30%        N/A       8%          4

Your spell library contained the following spells:

 Spells                   Type           Power      Damage    Failure   Level
 Agony                    Necr           30%        N/A       22%         5


Dungeon Overview and Level Annotations

Branches:
Dungeon (1/1)

Altars:
Ashenzari
Cheibriados
Dithmenos
Fedhas
Gozag
Hepliaklqana
Kikubaaqudgha
Makhleb
Nemelex Xobeh
Okawaru
Qazlal
Ru
Sif Muna
Trog
Uskayaw
Vehumet
Wu Jian
Xom
Yredelemnul
Jiyva
Lugonu


Innate Abilities, Weirdness & Mutations

You have a pair of small antennae on your head.
You may rarely emit foul miasma when damaged in melee.
When seriously injured, your blood forms armour. (AC +6)


Message History

Okay, then.
The wight attacks as you move away! The wight barely misses you.
The gnoll attacks as you move away! The gnoll barely misses you.
Casting: Kiss of Death (safe; 3% risk of failure)
Confirm with . or Enter, or press ? or * to list all spells.
Aiming: Kiss of Death (safe; 3% risk of failure)
Press: ? - help, Shift-Dir - straight line, f - gnoll
Aim: a gnoll, wielding a +0 flail (100% to hit)
The negative energy hits the gnoll!
The gnoll is drained!
You kill the gnoll!
Kikubaaqudgha accepts your kill.
You feel drained.
The dead are walking!
The wight misses you.
Casting: Kiss of Death (safe; 3% risk of failure)
Confirm with . or Enter, or press ? or * to list all spells.
You can't see any susceptible monsters within range! (Use Z to cast anyway.)
You hit the wight.
The wight is moderately damaged.
The wight hits you with a +2 great sword!
Your blood congeals into armour.
You feel drained.
Your gnoll zombie hits the wight.
The wight misses you.
The wight hits your gnoll zombie with a +3 scimitar!
You hit the wight.
The wight is heavily damaged.
Your gnoll zombie closely misses the wight.
The wight completely misses you.
The wight hits your gnoll zombie with a +3 scimitar.
A red film seems to cover your vision as you go berserk!
You feel yourself moving faster!
You feel mighty!
Your gnoll zombie closely misses the wight.
The wight hits you with a +2 great sword!
* * * LOW HITPOINT WARNING * * *
You feel drained.
* * * LOW HITPOINT WARNING * * *
The wight hits your gnoll zombie with a +3 scimitar!
Your gnoll zombie is destroyed!
You feel a strong urge to attack something.
The wight hits you with a +2 great sword.
You die...
Kikubaaqudgha rasps: "You have failed me!
Welcome... death!"

##### ___.# ___.#
_...###########++######
###'##................#
))'.##......#..#@.....#
###.##.........z......+
.....'..........z.....+
z#####......#.z#......#
.# #......).........#
.# ####'#####''######
## #.......##''# .#
#.......##..# .#
#.......##..#


You could see 3 wights.

Vanquished Creatures
  A floating eye (D)
  A gnoll (D)
  A ball python (D)
  A bat (D)
  An endoplasm (D)
  A kobold (D)
6 creatures vanquished.

Vanquished Creatures (others)
  A gnoll zombie (D)
1 creature vanquished.

Grand Total: 7 creatures vanquished

Notes
Turn   | Place    | Note
-------+----------+-------------------------------------------
     0 | D        | NinjaNoafa the Demonspawn Necromancer began the quest for
                  | the Orb.
     0 | D        | Reached XP level 1. HP: 13/13 MP: 3/3
    89 | D        | Found a basalt altar of Yredelemnul.
    89 | D        | Found a shimmering altar of Xom.
    89 | D        | Found an ornate altar of the Wu Jian Council.
    89 | D        | Found a bloodstained altar of Trog.
    89 | D        | Found a shimmering blue altar of Sif Muna.
    89 | D        | Found a sacrificial altar of Ru.
    89 | D        | Found a stormy altar of Qazlal.
    89 | D        | Found an iron altar of Okawaru.
    89 | D        | Found a sparkling altar of Nemelex Xobeh.
    89 | D        | Found a burning altar of Makhleb.
    89 | D        | Found a viscous altar of Jiyva.
    89 | D        | Found a hazy altar of Hepliaklqana.
    89 | D        | Found an opulent altar of Gozag.
    89 | D        | Found a blossoming altar of Fedhas.
    89 | D        | Found a shadowy altar of Dithmenos.
    89 | D        | Found a snail-covered altar of Cheibriados.
    90 | D        | Found a radiant altar of Vehumet.
    90 | D        | Found a corrupted altar of Lugonu.
    91 | D        | Found a hide-covered altar of Uskayaw.
    91 | D        | Found an ancient bone altar of Kikubaaqudgha.
    91 | D        | Found a broken altar of Ashenzari.
    99 | D        | Became a worshipper of Kikubaaqudgha
   118 | D        | Reached skill level 1 in Fighting
   155 | D        | Noticed a floating eye
   157 | D        | Paralysed by a floating eye for 4 turns
   165 | D        | Killed a floating eye
   165 | D        | Reached * piety under Kikubaaqudgha
   165 | D        | Received a gift from Kikubaaqudgha
   166 | D        | Reached skill level 6 in Necromancy
   166 | D        | Gained mutation: You may rarely emit foul miasma when
                  | damaged in melee. [demonic ancestry]
   166 | D        | Reached XP level 2. HP: 26/26 MP: 0/7
   166 | D        | Gained mutation: When seriously injured, your blood forms
                  | armour. (AC +6) [demonic ancestry]
   166 | D        | Reached XP level 3. HP: 31/31 MP: 0/9
   166 | D        | Gained mutation: You have a pair of small antennae on your
                  | head. [demonic ancestry]
   166 | D        | Reached XP level 4. HP: 38/38 MP: 0/10
   278 | D        | Learned a level 3 spell: Vampiric Draining
   288 | D        | Learned a level 1 spell: Kiss of Death
   293 | D        | Learned a level 4 spell: Animate Dead
   308 | D        | HP: 1/48 [wight/+2 great sword (3)]
   309 | D        | Slain by a wight

Illustrated notes

Levels and vault maps discovered:
D:        pitsprint [storerooms_1, entrance_room_1, metal_vault_3, armoury_1,
          mini_pit_1, grid_room_1, main_hall_1, silver_pit, the_coven_3,
          the_vestibule_1, steel_vault_5, golden_pit, hallway_of_sentries,
          crystal_vault_4, iron_vault_4, final_vault]

Skill      XL: |  1 |
---------------+----+-----
Dodging        | 4 |  4.5
Fighting       | 4 |  4.5
Spellcasting   | 4 |  4.6
Necromancy     | 6 |  6.7
Stealth        | |  1.7

Action                   |  1- 3 |  4- 6 || total
-------------------------+-------+-------++-------
Melee: Falchion          |     4 |     2 ||     6
       Unarmed           |     1 |       ||     1
 Cast: Necrotise         |     8 |     2 ||    10
       Animate Dead      |       |     1 ||     1
       Kiss of Death     |       |     1 ||     1
  Use: Potion            |       |     2 ||     2
       Scroll            |       |     1 ||     1
Dodge: Dodged            |     2 |    14 ||    16

Table legend: (Time is in decaauts)
 A = Elapsed time spent in this place.
 B = Non-inter-level travel time spent in this place.
 C = Inter-level travel time spent in this place.
 D = Time resting spent in this place.
 E = Time spent auto-exploring this place.
 F = Levels seen in this place.
 G = Mean time per level.
                   A        B        C        D        E       F      G
               +--------+--------+--------+--------+--------+-----+--------+
         Total |    310 |    296 |     14 |     71 |    105 |   1 |  310.0 |
       Dungeon |    310 |    296 |     14 |     71 |    105 |   1 |  310.0 |
               +--------+--------+--------+--------+--------+-----+--------+

Top non-repeatable levels by time:
       D: 310 daAuts
